 Dungeon Crawl Stone Soup version 0.31-a0-516-gfcb59812bd (webtiles) character file.

Game seed: 1256197658844034964

150974 MacCMillion the Metamorph (level 17, -1/156 HPs)
             Began as a Grey Draconian Shapeshifter on Aug 10, 2023.
             Was an Initiate of Gozag.
             Slain by a merfolk impaler
             ... wielding a +0 trident
             ... led by Ilsuiw
              (9 damage)
             ... on level 4 of the Shoals.
             The game lasted 01:19:40 (45321 turns).

MacCMillion the Metamorph (DrSh)                   Turns: 45321, Time: 01:19:40

Health: -1/156     AC: 20    Str: 23    XL:     17   Next: 0%
Magic:  17/17      EV: 16    Int: 10    God:    Gozag
Gold:   6184       SH:  0    Dex: 13    Spells: 16/16 levels left

rFire   . .          .
                       - Unarmed
rCold   . . .        (shield currently unavailable)
rNeg    + . .        (body armour unavailable)
rPois   .            (helmet restricted)
rElec   .            r - +0 cloak of the Flute {rN+}
rCorr   .            (gloves currently unavailable)
SInv    +            V - +0 pair of boots {Fly}
Will    +....        C - amulet of the acrobat
Stlth   +            L - ring of see invisible
HPRegen 0.46/turn    j - +4 ring of protection
MPRegen 0.15/turn

%: acrobat
@: lethally poisoned (-1 -> -11), about to teleport, blade hands, engulfed,
flying, mesmerised, studying Unarmed Combat
A: AC +14, amphibious, unfitting armour, cold-blooded
a: Begin Untransformation, Renounce Religion, Potion Petition, Call Merchant,
Bribe Branch


You were on level 4 of the Shoals.
You worshipped Gozag.
Gozag was greatly pleased with you.
You had blades for hands.
You visited 6 branches of the dungeon, and saw 29 of its levels.
You also visited: Ossuary and Bailey.

You collected 9438 gold pieces.
You spent 984 gold pieces at shops.
You paid 2270 gold pieces to Gozag.

Inventory:

Missiles
 O - 5 throwing nets
 T - 12 poisoned darts
Armour
 r - the +0 cloak of the Flute (worn) {rN+}
   (You found it on level 5 of the Dungeon)

   rN+:       It protects you from negative energy.
 V - a +0 pair of boots of flying (worn)
Jewellery
 c - a ring of ice
 j - a +4 ring of protection (right blade hand)
 t - a ring of flight
 C - an amulet of the acrobat (around neck)
 D - the ring "Uteluff" {Will+ Int+2}
   (You found it on level 7 of the Dungeon)

   [ring of willpower]

   Int+2:     It affects your intelligence (+2).
   Will+:     It increases your willpower.
 E - a ring of poison resistance
 H - a ring of protection from fire
 L - a ring of see invisible (left blade hand)
 P - a +4 ring of slaying
 U - a ring of resist corrosion
 W - an amulet of guardian spirit
Talismans
 X - a blade talisman (active)
Wands
 n - a wand of roots (6)
 G - a wand of mindburst (8)
 M - a wand of polymorph (2)
 Q - a wand of charming (16)
 S - a wand of flame (5)
Scrolls
 f - 6 scrolls of noise
 g - 5 scrolls of enchant armour
 h - a scroll of blinking
 l - 5 scrolls of teleportation
 p - a scroll of fear
 s - 6 scrolls of vulnerability
 v - 6 scrolls of amnesia
 w - 4 scrolls of immolation
 y - a scroll of torment {unknown}
 A - 4 scrolls of enchant weapon
 B - 2 scrolls of brand weapon {unknown}
 J - a scroll of silence
 K - 5 scrolls of poison
 N - 4 scrolls of revelation
 Z - a scroll of fog
Potions
 a - 2 potions of ambrosia
 b - a potion of invisibility
 d - 5 potions of enlightenment
 e - 3 potions of mutation
 i - 6 potions of attraction
 k - a potion of might
 m - a potion of berserk rage
 o - 3 potions of magic
 q - 5 potions of heal wounds
 u - 11 potions of curing
 x - 5 potions of lignification
 z - 5 potions of resistance
 F - 3 potions of haste
 I - 2 potions of brilliance
 R - 2 potions of cancellation
Miscellaneous
 Y - a phantom mirror (inert)


   Skills:
 - Level 15.0 Fighting
 - Level 9.1 Dodging
 - Level 16.3 Unarmed Combat
 + Level 19.6 Shapeshifting


You had 16 spell levels left.
You didn't know any spells.
Your spell library contained the following spells:

 Spells                   Type           Power      Damage    Failure   Level
 Magic Dart               Conj           0%         1d3       78%         1
 Slow                     Hex            0%         N/A       78%         1
 Summon Small Mammal      Summ           0%         N/A       78%         1
 Blink                    Tloc           0%         N/A       87%         2
 Call Imp                 Summ           0%         N/A       87%         2
 Cigotuvi's Dreadful Rot  Necr/Pois/Air  0%         N/A       87%         2
 Lesser Beckoning         Tloc           0%         N/A       87%         2
 Momentum Strike          Conj/Tloc      0%         3d8       87%         2
 Scorch                   Fire           0%         2d5       87%         2
 Static Discharge         Conj/Air       0%         2-2/arc   87%         2
 Sublimation of Blood     Necr           0%         N/A       87%         2
 Wereblood                Tmut           0%         N/A       87%         2
 Call Canine Familiar     Summ           0%         N/A       97%         3
 Confusing Touch          Hex            0%         N/A       97%         3
 Gell's Gravitas          Tloc           0%         N/A       97%         3
 Mephitic Cloud           Conj/Pois/Air  0%         N/A       97%         3
 Ozocubu's Armour         Ice            0%         N/A       97%         3
 Summon Guardian Golem    Hex/Summ       0%         N/A       97%         3
 Teleport Other           Tloc           0%         N/A       97%         3
 Vampiric Draining        Necr           0%         2d6       97%         3
 Vhi's Electric Charge    Tloc/Air       0%         N/A       97%         3
 Cause Fear               Hex            0%         N/A       100%        4
 Dispel Undead            Necr           0%         3d6       100%        4
 Flame Wave               Conj/Fire      0%         2d4       100%        4
 Manifold Assault         Tloc           0%         N/A       100%        4
 Olgreb's Toxic Radiance  Pois           0%         N/A       100%        4
 Petrify                  Tmut/Erth      0%         N/A       100%        4
 Summon Ice Beast         Ice/Summ       0%         N/A       100%        4
 Arcjolt                  Conj/Air       0%         1d10      100%        5
 Borgnjor's Vile Clutch   Necr/Erth      0%         N/A       100%        5
 Fireball                 Conj/Fire      0%         3d3       100%        5
 Irradiate                Conj/Tmut      0%         3d11      100%        5
 Iskenderun's Battlesphe  Conj           0%         2d6       100%        5
 Summon Mana Viper        Hex/Summ       0%         N/A       100%        5
 Conjure Ball Lightning   Conj/Air       0%         3x3d6     100%        6
 Death Channel            Necr           0%         N/A       100%        6
 Dispersal                Tloc           0%         N/A       100%        6
 Plasma Beam              Fire/Air       0%         2x1d10    100%        6
 Summon Cactus Giant      Summ           0%         N/A       100%        6
 Monstrous Menagerie      Summ           0%         N/A       100%        7
 Orb of Destruction       Conj           0%         9d5       100%        7
 Ozocubu's Refrigeration  Ice            0%         4d7       100%        7
 Spellforged Servitor     Conj/Summ      0%         N/A       100%        7
 Discord                  Hex            0%         N/A       100%        8
 Disjunction              Tloc           0%         N/A       100%        8
 Ignition                 Fire           0%         3d3       100%        8
 Dragon's Call            Summ           0%         N/A       100%        9
 Animate Dead             Necr           Unusable   N/A       N/A         4

Dungeon Overview and Level Annotations

Branches:
Dungeon (15/15)            Temple (1/1) D:5            Lair (5/5) D:10
 Shoals (4/4) Lair:3       Spider (2/4) Lair:3        Slime (0/5) Lair:5
    Orc (2/2) D:10            Elf (0/3) Orc:2        Vaults (0/5) D:14
 Depths (0/4) D:15        Ossuary (visited)          Bailey (visited)

Altars:
Ashenzari
Cheibriados
Dithmenos
Elyvilon
Fedhas
Gozag
Hepliaklqana
Kikubaaqudgha
Makhleb
Nemelex Xobeh
Okawaru
Qazlal
Ru
Sif Muna
Trog
Uskayaw
Vehumet
Wu Jian
Xom
Yredelemnul
Zin
The Shining One
Jiyva

Shops:
Orc:2 *=(([   Lair:3 *?:   Shoals:1 !   Shoals:2 [

Annotations:
D:3 Grinder
D:6 1 transporter, Ethylacetat's ghost, novice OpSh
D:7 Jeremiah
D:11 3 runed translucent doors
D:12 1 runed translucent door, MacCMillion's ghost, journeyman TrSh
Lair:3 1 exclusion
Shoals:4 Ilsuiw
Orc:2 3 runed translucent doors, trueblamed's ghost, adept DjCj


Innate Abilities, Weirdness & Mutations

You have blades for hands.
Your spellcasting is less reliable in this form.
You are incapable of wielding weapons or throwing items.
Your dull iron-grey scales are very hard. (AC +14)
You are amphibious.
You cannot fit into any form of body armour.
You are cold-blooded and may be slowed by cold attacks.


Message History

The merfolk impaler barely misses you.
As you read the scroll of teleportation, it crumbles to dust.
You feel strangely unstable.
You feel extremely sick. Ilsuiw hits you but does no damage.
The merfolk impaler closely misses you. The water elemental hits you.
The merfolk impaler hits you but does no damage.
The water elemental hits you. The water elemental barely misses you.
The merfolk siren chants its luring song.
The merfolk impaler hits you from afar with a +2 trident of venom.
You are more poisoned.
You slash Ilsuiw!
Your tail-slap misses Ilsuiw.
Ilsuiw is severely wounded.
* * * LOW HITPOINT WARNING * * *
You feel extremely sick.
The merfolk impaler completely misses you.
Ilsuiw hits you with a +1 trident of freezing.
* * * LOW HITPOINT WARNING * * *
Ilsuiw freezes you.
* * * LOW HITPOINT WARNING * * *
The water elemental hits you!
* * * LOW HITPOINT WARNING * * *
The water elemental barely misses you.
The merfolk impaler hits you from afar with a +2 trident of venom!
* * * LOW HITPOINT WARNING * * *
Unknown command.
You feel better.
The merfolk impaler hits you but does no damage.
The water elemental hits you!
* * * LOW HITPOINT WARNING * * *
The merfolk impaler hits you from afar with a +2 trident of venom.
* * * LOW HITPOINT WARNING * * *
You are poisoned.
Ilsuiw hits you with a +1 trident of freezing.
* * * LOW HITPOINT WARNING * * *
Ilsuiw freezes you.
* * * LOW HITPOINT WARNING * * *
The merfolk impaler hits you from afar with a +0 trident!
You die...
Your body crumbles into a pile of gold.

..........~~≈≈≈≈≈≈ ≈≈≈≈≈≈≈≈≈≈≈
........P..~≈≈≈≈≈≈≈≈≈≈≈≈≈≈≈≈≈≈≈≈≈
........P..~≈≈≈≈≈≈≈≈≈≈≈≈≈≈≈≈≈≈≈≈≈
~...P.....P~≈≈≈≈≈≈≈≈≈≈≈≈≈≈≈≈≈≈≈≈≈
........P~~≈≈≈≈≈≈≈≈≈≈≈≈≈≈≈≈≈≈≈≈≈≈
)cc.c.~~~~≈≈≈≈≈≈m≈≈≈≈≈≈≈≈t≈≈≈≈≈≈≈
$~~~c~~~≈≈)≈≈≈≈mm≈≈≈≈≈≈≈≈≈≈≈≈≈≈≈≈
$~~~~~~≈≈≈≈≈≈≈≈≈E≈≈≈≈≈≈≈≈≈≈≈≈≈≈≈≈
≈≈~~~≈≈≈≈≈≈≈≈≈≈≈@E≈≈≈≈≈≈≈≈≈≈≈≈≈≈≈
≈≈≈≈≈≈≈≈≈≈≈≈≈≈≈E≈m≈≈≈≈≈≈≈≈≈≈≈≈≈≈≈
≈≈≈≈≈≈≈≈≈≈≈)≈≈≈≈≈≈≈≈≈≈≈≈≈≈≈≈≈≈≈≈≈
≈≈≈≈≈≈≈≈≈≈≈≈≈≈≈≈≈≈$≈≈≈≈≈≈≈≈≈≈≈≈≈≈
≈≈≈≈≈≈≈≈≈≈≈≈≈≈≈≈≈≈≈≈≈≈≈≈≈≈≈≈≈≈≈≈≈
#################################


You could see Ilsuiw (invisible), 2 merfolk impalers, 3 water elementals and a
merfolk siren (mesmerising).

Vanquished Creatures
  Rupert (D:15)
  Jorgrun (D:15)
  Louise (D:15)
  A stone giant (D:15)
  2 broodmothers (Spider:1)
  2 deep elf annihilators (Shoals:3)
  A dire elephant (Lair:5)
  Snorg (Lair:4)
  4 merfolk javelineers
  3 merfolk impalers
  Josephine (D:14)
  8 vault guards (D:14)
  4 hydras
  Harold (Lair:1)
  An ice dragon (Lair:2)
  2 catoblepae
  An anaconda (Lair:3)
  2 merfolk avatars
  8 two-headed ogres
  5 merfolk aquamancers
  3 boulder beetles
  A deep troll shaman (Lair:5)
  3 centaur warriors
  4 orc high priests
  2 alligator snapping turtles
  9 death yaks (Lair:5)
  3 tengu warriors
  A demonic crawler (Spider:1)
  4 skeletal warriors (D:12)
  A deep elf knight (Shoals:3)
  4 skysharks
  10 sea snakes
  An orb spider (Spider:1)
  2 steelbarb worms (Spider:1)
  Pikel (D:5)
  A lindwurm (shapeshifter) (D:14)
  5 deep elf pyromancers
  A wolf spider (Spider:1)
  4 orc knights (Orc:2)
  4 harpies (Shoals:2)
  2 deep elf zephyrmancers (Shoals:3)
  7 orc sorcerers
  6 fauns
  12 cyclopes
  10 ugly things
  8 manticores
  6 water nymphs
  5 black mambas
  10 merfolk sirens
  Joseph (D:9)
  A black mamba (shapeshifter) (D:14)
  Maggie (Lair:2)
  13 elephants
  11 cane toads
  An unseen horror (D:12)
  11 komodo dragons
  A yaktaur (D:15)
  3 meliai (D:14)
  16 merfolk
  A queen bee (shapeshifter) (D:14)
  4 wind drakes
  5 polar bears
  10 trolls
  A hornet (D:8)
  6 tarantellas (Spider:1)
  13 blink frogs
  8 snapping turtles
  21 dream sheep
  4 jumping spiders (Spider:1)
  4 culicivoras (Spider:1)
  18 slime creatures
  12 water elementals
  11 wraiths
  2 shadows
  8 wyverns
  60 yaks
  A vampire (D:12)
  Eustachio (D:5)
  2 steam dragons (D:8)
  7 basilisks
  5 vampire mosquitoes
  11 redbacks
  3 wargs (Orc:2)
  An acid dragon (D:10)
  14 water moccasins
  24 orc warriors
  3 black bears
  A black bear (shapeshifter) (D:14)
  7 ogres
  12 centaurs
  12 wolves
  A phantom (D:5)
  4 kobold brigands
  13 bullfrogs
  2 gnoll sergeants (D:10)
  3 scorpions
  8 wights
  6 killer bees
  5 electric eels
  6 howler monkeys
  2 hounds
  5 jellies
  21 orc priests
  Ijyb (D:3)
  Natasha (twice) (D:3 D:2)
  A sleepcap (D:6)
  4 iguanas
  23 orc wizards
  A mummy (Ossuary)
  Robin (D:1)
  3 gnolls (D:10)
  5 adders
  A white imp (D:8)
  3 dart slugs
  61 orcs
  4 ball pythons
  8 endoplasms
  2 giant cockroaches (D:2)
  18 goblins
  8 hobgoblins
  9 jackals
  4 bats
  6 frilled lizards
  7 gnoll skeletons (Ossuary)
  21 kobolds
  5 kobold skeletons (Ossuary)
  13 orc skeletons (Ossuary)
  6 rats
824 creatures vanquished.

Vanquished Creatures (others)
  A centaur (D:15)
  An electric eel (D:12)
  An orc wizard (Orc:2)
3 creatures vanquished.

Grand Total: 827 creatures vanquished

Notes
Turn   | Place    | Note
-------+----------+-------------------------------------------
     0 | D:1      | MacCMillion the Draconian Shapeshifter began the quest for
                  | the Orb.
     0 | D:1      | Reached XP level 1. HP: 16/16 MP: 1/1
    77 | D:1      | Reached XP level 2. HP: 13/24 MP: 2/2
   371 | D:1      | Found a faded altar of an unknown god.
   856 | D:1      | Reached XP level 3. HP: 30/30 MP: 3/3
  1016 | D:2      | Noticed Robin
  1074 | D:1      | Killed Robin
  1337 | D:2      | Reached XP level 4. HP: 37/38 MP: 4/4
  1645 | D:3      | Noticed Ijyb
  1687 | D:3      | Killed Ijyb
  2154 | D:3      | Noticed Grinder
  2274 | D:3      | You fall into a shaft and drop 3 floors!
  2313 | D:6      | Noticed an ogre
  2314 | D:6      | Noticed Ethylacetat's ghost (novice OpSh)
  2314 | D:6      | Noticed an ogre
  2324 | D:6      | Identified the +4 great mace of Ackopoer {heavy, rPois}
  2324 | D:6      | Noticed a two-headed ogre
  2327 | D:6      | Found a transporter.
  2362 | D:5      | Entered Level 5 of the Dungeon
  2425 | D:5      | Identified the +0 cloak of the Flute {rN+}
  2503 | D:3      | Noticed Natasha
  2511 | D:3      | Killed Natasha
  2512 | D:3      | Reached XP level 5. HP: 33/46 MP: 5/5
  2654 | D:3      | Found a hazy altar of Hepliaklqana.
  2783 | D:3      | Noticed Natasha
  2785 | D:3      | Paralysed by Grinder for 3 turns
  2808 | D:2      | Killed Natasha
  2847 | D:3      | Paralysed by Grinder for 4 turns
  2857 | D:3      | Paralysed by Grinder for 2 turns
  3187 | D:4      | Reached skill level 5 in Unarmed Combat
  3878 | D:5      | Noticed a water moccasin
  3887 | D:5      | Killed a water moccasin
  3888 | D:5      | Reached XP level 6. HP: 31/55 MP: 6/6
  4204 | D:5      | Reached skill level 5 in Fighting
  4291 | D:5      | Your scales start taking on a dull iron-grey colour.
  4291 | D:5      | Reached XP level 7. HP: 60/61 MP: 7/7
  4505 | D:5      | Found a staircase to the Ecumenical Temple.
  4514 | D:5      | Noticed Pikel
  4529 | D:5      | Killed Pikel
  4530 | D:5      | Reached XP level 8. HP: 38/70 MP: 8/8
  4826 | D:5      | Reached skill level 4 in Shapeshifting
  5261 | D:5      | Noticed Eustachio
  5287 | D:5      | Killed Eustachio
  5288 | D:5      | Reached skill level 5 in Shapeshifting
  5594 | D:5      | Found a white marble altar of Elyvilon.
  5594 | D:5      | Found a radiant altar of Vehumet.
  5601 | D:5      | Found a snail-covered altar of Cheibriados.
  5603 | D:5      | Found a blossoming altar of Fedhas.
  5606 | D:5      | Found a shadowy altar of Dithmenos.
  5730 | Temple   | Entered the Ecumenical Temple
  5763 | Temple   | Became a worshipper of Gozag Ym Sagoz the Greedy
  5906 | D:6      | Reached skill level 6 in Shapeshifting
  6567 | D:8      | Found a sand-covered staircase.
  6604 | Ossuary  | Entered an ossuary
  6822 | Ossuary  | Reached XP level 9. HP: 56/78 MP: 9/9
  6962 | D:8      | Found a flagged portal.
  6975 | Bailey   | Entered a bailey
  8253 | D:7      | Reached skill level 7 in Shapeshifting
  8507 | D:7      | Identified the ring "Uteluff" {Will+ Int+2}
  8538 | D:7      | Noticed Jeremiah
  8908 | D:7      | Found a stormy altar of Qazlal.
  9240 | D:7      | Identified the +2 ring mail of the Eight Boll Weevils
                  | {rElec rF+ SInv}
  9643 | D:8      | Reached XP level 10. HP: 13/90 MP: 10/10
 10285 | D:9      | Noticed Joseph
 10306 | D:9      | Killed Joseph
 10307 | D:9      | Reached skill level 10 in Unarmed Combat
 10507 | D:9      | Reached skill level 8 in Shapeshifting
 11054 | D:9      | Found a glowing silver altar of Zin.
 11055 | D:9      | Found a bloodstained altar of Trog.
 11141 | D:10     | Entered Level 10 of the Dungeon
 11618 | D:9      | Reached skill level 10 in Fighting
 12250 | D:10     | Found a staircase to the Orcish Mines.
 12349 | D:10     | Reached XP level 11. HP: 46/99 MP: 11/11
 12534 | D:10     | Reached skill level 9 in Shapeshifting
 12764 | D:10     | Noticed a two-headed ogre
 12776 | D:10     | Killed a two-headed ogre
 13150 | D:10     | Noticed a two-headed ogre
 13217 | D:10     | Killed a two-headed ogre
 13497 | D:10     | Found an ornate altar of the Wu Jian Council.
 13862 | D:10     | Found a staircase to the Lair.
 14049 | D:10     | Found an iron altar of Okawaru.
 14308 | D:11     | Noticed a two-headed ogre
 14329 | D:11     | Killed a two-headed ogre
 14838 | D:11     | Found a shadowy altar of Dithmenos.
 14955 | D:11     | Found a runed translucent gate.
 14955 | D:11     | Found a runed translucent gate.
 14955 | D:11     | Found a runed translucent gate.
 14955 | D:11     | Noticed a green ugly thing
 14955 | D:11     | Noticed a red ugly thing
 14957 | D:11     | Noticed a cyan ugly thing
 14957 | D:11     | Noticed a cyan ugly thing
 14957 | D:11     | Noticed a purple ugly thing
 14979 | D:11     | Noticed a two-headed ogre
 14993 | D:11     | Killed a two-headed ogre
 15909 | Lair:1   | Entered Level 1 of the Lair of Beasts
 15909 | Lair:1   | Noticed Harold
 15922 | Lair:1   | Killed Harold
 16391 | Lair:1   | Reached XP level 12. HP: 44/108 MP: 12/12
 17779 | Lair:1   | Reached skill level 5 in Dodging
 17779 | Lair:1   | Reached skill level 10 in Shapeshifting
 18584 | Lair:2   | Noticed Maggie
 18596 | Lair:2   | Killed Maggie
 18886 | Lair:2   | Noticed an ice dragon
 18905 | Lair:2   | Killed an ice dragon
 20049 | Lair:3   | Found a hole to the Spider Nest.
 20411 | Lair:3   | Found a staircase to the Shoals.
 20467 | Lair:3   | Reached XP level 13. HP: 107/118 MP: 13/13
 22295 | Lair:4   | Reached skill level 15 in Unarmed Combat
 22340 | Lair:4   | Noticed Snorg
 22357 | Lair:4   | Killed Snorg
 23338 | Lair:4   | You are sucked into a shaft and drop 1 floor!
 23338 | Lair:5   | Entered Level 5 of the Lair of Beasts
 23710 | Lair:5   | Found a viscous altar of Jiyva.
 23711 | Lair:5   | Found a staircase to the Slime Pits.
 23754 | Lair:5   | Reached skill level 11 in Shapeshifting
 24345 | Lair:5   | Reached XP level 14. HP: 129/129 MP: 14/14
 26521 | Orc:1    | Entered Level 1 of the Orcish Mines
 26942 | Orc:2    | Entered Level 2 of the Orcish Mines
 26942 | Orc:2    | Found Ymmel's General Store.
 27017 | Orc:2    | Found a staircase to the Elven Halls.
 27344 | Orc:2    | Found Qicim's Armour Shop.
 27606 | Orc:2    | Found a runed translucent gate.
 27606 | Orc:2    | Found a runed translucent gate.
 27606 | Orc:2    | Found a runed translucent gate.
 27733 | Orc:2    | Noticed trueblamed's ghost (adept DjCj)
 28416 | Orc:2    | Found Rulliddoim's Jewellery Shop.
 28424 | Orc:2    | Found Eseo's Weapon Emporium.
 28428 | Orc:2    | Found Oluikh's Antique Weapon Emporium.
 28867 | Orc:2    | Found Ymmel's General Store.
 29003 | Orc:2    | Found Qicim's Armour Shop.
 29008 | Orc:2    | Found Eseo's Weapon Emporium.
 29015 | Orc:2    | Found Oluikh's Antique Weapon Emporium.
 29017 | Orc:2    | Found Rulliddoim's Jewellery Shop.
 29121 | Orc:2    | Found a runed translucent gate.
 29122 | Orc:2    | Found a runed translucent gate.
 29123 | Orc:2    | Found a runed translucent gate.
 29280 | Orc:2    | Bought a scroll of fog for 52 gold pieces
 29339 | Orc:2    | Reached skill level 12 in Shapeshifting
 30791 | D:12     | Reached XP level 15. HP: 134/139 MP: 15/15
 30884 | D:12     | Found a runed translucent door.
 30884 | D:12     | Found a shimmering altar of Xom.
 30884 | D:12     | Noticed MacCMillion's ghost (journeyman TrSh)
 31412 | D:13     | Reached skill level 15 in Fighting
 31608 | D:13     | Identified the +2 hand axe of Hell's Wrath {vamp, Drain
                  | rC+++ Int+6}
 32139 | D:14     | Noticed Josephine
 32160 | D:14     | Killed Josephine
 32166 | D:14     | Reached skill level 13 in Shapeshifting
 33170 | D:14     | Got Cohefoaz's Anthology of Attacks
 33528 | D:14     | Found a gate to the Vaults.
 33812 | D:14     | Reached skill level 14 in Shapeshifting
 33923 | D:15     | Entered Level 15 of the Dungeon
 34053 | D:15     | Found a hide-covered altar of Uskayaw.
 34235 | D:15     | Noticed Jorgrun
 34248 | D:15     | Killed Jorgrun
 34699 | D:15     | Noticed Louise
 34714 | D:15     | Killed Louise
 34983 | D:15     | Found a staircase to the Depths.
 35656 | D:15     | Noticed Rupert
 35663 | D:15     | Paralysed by Rupert for 2 turns
 35667 | D:15     | Killed Rupert
 35668 | D:15     | Reached skill level 15 in Shapeshifting
 36105 | Spider:1 | Entered Level 1 of the Spider Nest
 37847 | Spider:1 | Reached XP level 16. HP: 133/149 MP: 16/16
 38777 | Lair:3   | Bought a scroll of acquirement for 780 gold pieces
 38777 | Lair:3   | Acquired a manual of Shapeshifting
 38779 | Lair:3   | Acquired a manual of Unarmed Combat
 38800 | Lair:3   | Bought a scroll of identify for 32 gold pieces
 38828 | Shoals:1 | Entered Level 1 of the Shoals
 39175 | Shoals:1 | Reached skill level 16 in Shapeshifting
 39258 | Shoals:1 | Found Xuqecec's Distillery.
 39286 | Shoals:1 | Bought a potion of haste for 120 gold pieces
 40276 | Shoals:2 | Reached skill level 17 in Shapeshifting
 41180 | Shoals:2 | Reached skill level 18 in Shapeshifting
 41230 | Shoals:2 | Found Ipran's Armour Shoppe.
 42781 | Shoals:3 | Reached skill level 19 in Shapeshifting
 43193 | Shoals:4 | Entered Level 4 of the Shoals
 43713 | Shoals:4 | Noticed Ilsuiw
 45128 | Shoals:4 | Reached XP level 17. HP: 115/156 MP: 17/17
 45321 | Shoals:4 | Slain by a merfolk impaler

Illustrated notes

Levels and vault maps discovered:
D:1:      minmay_arrival_jagged, layout_basic, ebering_ecumenical_altar_hall,
          nicolae_the_louvre
D:2:      layout_rooms, uniq_robin
D:3:      layout_rooms, mainiacjoe_overflow_surrounded_room,
          minmay_misc_feat_rows, grunt_ministairs_13, minmay_goblin_outpost,
          uniq_ijyb, uniq_grinder, uniq_natasha
D:4:      layout_basic, kennysheep_generic_room_2
D:5:      layout_basic, chequers_temple_overflow_minitemple,
          minmay_temple_entry_metal_lava, reono_crystal_passage, uniq_pikel,
          uniq_eustachio
D:6:      layout_loops_cross, gammafunk_ghost_smash, lightli_corner_chamber
D:7:      layout_layer_cave, nicolae_qazlal_general_emergency, uniq_jeremiah
D:8:      layout_basic, nicolae_ossuary_entry_false_entrances, enter_bailey_2
D:9:      layout_small_grid, mainiacjoe_overflow_divided_tiny, uniq_joseph
D:10:     layout_long_grid, mainiacjoe_overflow_alcove_1, amcnicky_altar_gilded,
          due_lair_maze_entry_diamond, kennysheep_orc_monster_closet_entryway,
          grunt_decor_mini_mirrors
D:11:     layout_basic, ploomutoo_gammafunk_ghost_potion_laboratory,
          minmay_holes, grunt_dithmenos_smoke_and_mirrors
D:12:     layout_big_octagon, ebering_ghost_xom
D:13:     layout_loops_ring
D:14:     layout_grid_maze, erik_vaults_2,
          nicolae_concentric_dashed_squares_mild, uniq_josephine
D:15:     grunt_enter_depths_snipers, layout_long_grid,
          ebering_dispersal_statue_hall, nicolae_uskayaw_dance_hall,
          uniq_jorgrun, uniq_rupert, uniq_louise
Temple:   bh_familiar_temple
Lair:1:   layout_big_grid, serial_bayou_pond_b, grunt_megastairs_3, uniq_harold
Lair:2:   dragon1_lemuel, layout_concentric_octagons, infiniplex_staircase_pool,
          uniq_maggie
Lair:3:   nzn_winding_woodlands_three_and_one
          [nzn_winding_woodlands_5x15_crooked,
          nzn_winding_woodlands_5x15_sawtooth,
          nzn_winding_woodlands_5x15_concentric,
          nzn_winding_woodlands_center_lodge], layout_cave_pods,
          elwin_shoals_entry_rooms, spider_nest_entry_webs,
          nicolae_lair_liquid_snakes
Lair:4:   layout_layer_cave, uniq_snorg
Lair:5:   grunt_lair_end_beastmaster, layout_regular_city,
          minmay_slime_entry_pillars
Shoals:1: layout_shoals, serial_shops, nicolae_shop_just_a_little_nook
Shoals:2: layout_shoals, serial_shops, shop
Shoals:3: nicolae_shoals_deep_elves_summer_vacation, layout_shoals
Shoals:4: shoals_end_grunt_ice, layout_shoals, shoals_ilsuiw_ice
Spider:1: layout_cave_pods
Spider:2: nicolae_spider_mines_2, special_room [special_room_bee], uniq_roxanne,
          uniq_arachne
Orc:1:    layout_caves, basic_altar
Orc:2:    st_orc_elflike, layout_diamond_mine, gammafunk_ghost_necromancy,
          serial_shops, shop, basic_altar

Skill      XL: |  1  2  3  4  5  6  7  8  9 10 11 12 13 14 15 16 |
---------------+-------------------------------------------------+-----
Fighting       | 2 3 4 5 6 8 10 12 13 14 15 | 15.0
Unarmed Combat | 4 5 6 8 9 11 12 14 15 16 | 16.3
Shapeshifting  | 6 7 8 9 10 11 12 15 19 | 19.6
Dodging        | 4 6 7 9 |  9.1

Action                     |  1- 3 |  4- 6 |  7- 9 | 10-12 | 13-15 | 16-18 || total
---------------------------+-------+-------+-------+-------+-------+-------++-------
  Melee: Unarmed           |   129 |   140 |   322 |   716 |  1084 |   390 ||  2781
         Tailslap          |     8 |     9 |    53 |   130 |   211 |    81 ||   492
         Punch             |     1 |     2 |    15 |    42 |    70 |    39 ||   169
  Throw: Dart              |       |       |       |     1 |       |       ||     1
 Invoke: Call Merchant     |       |       |       |       |       |     3 ||     3
  Evoke: Wand              |       |       |       |     6 |     3 |     7 ||    16
         Phantom mirror    |       |       |       |       |     1 |     1 ||     2
    Use: Potion            |       |       |     1 |     1 |     4 |     1 ||     7
         Scroll            |       |       |    14 |     2 |    10 |    13 ||    39
   Stab: Distracted        |     1 |       |     1 |     1 |     2 |     3 ||     8
         Sleeping          |       |     1 |       |       |     2 |     1 ||     4
         Petrified         |       |       |       |       |     5 |       ||     5
 Armour: Skin              |    36 |    42 |    97 |   211 |   325 |   135 ||   846
  Dodge: Dodged            |    95 |    70 |   152 |   500 |   628 |   329 ||  1774
   Form: Flux              |       |       |       |     7 |     1 |       ||     8
         Beast             |       |       |       |     5 |       |       ||     5
                           |       |       |       |     3 |       |       ||     3
         Blade             |       |       |       |       |     1 |       ||     1

Table legend: (Time is in decaauts)
 A = Elapsed time spent in this place.
 B = Non-inter-level travel time spent in this place.
 C = Inter-level travel time spent in this place.
 D = Time resting spent in this place.
 E = Time spent auto-exploring this place.
 F = Levels seen in this place.
 G = Mean time per level.
                   A        B        C        D        E       F      G
               +--------+--------+--------+--------+--------+-----+--------+
         Total |  44746 |  42814 |   1932 |  16854 |  17420 |  31 | 1443.4 |
       Dungeon |  21989 |  21073 |    916 |   8238 |   9146 |  15 | 1465.9 |
        Temple |     64 |     33 |     31 |      0 |      0 |   1 |   64.0 |
          Lair |  10187 |   9773 |    414 |   3490 |   4440 |   5 | 2037.4 |
        Shoals |   6277 |   6107 |    170 |   2771 |   1496 |   4 | 1569.2 |
   Spider Nest |   2554 |   2313 |    241 |   1162 |    692 |   2 | 1277.0 |
  Orcish Mines |   3338 |   3182 |    156 |   1131 |   1646 |   2 | 1669.0 |
       Ossuary |    269 |    269 |      0 |     21 |      0 |   1 |  269.0 |
        Bailey |     63 |     63 |      0 |     39 |      0 |   1 |   63.0 |
               +--------+--------+--------+--------+--------+-----+--------+

Top non-repeatable levels by time:
   Orc:2: 2747 daAuts
  Lair:3: 2602 daAuts
Spider:1: 2546 daAuts
Shoals:3: 2409 daAuts
    D:10: 2368 daAuts
  Lair:5: 2337 daAuts
     D:9: 2188 daAuts
  Lair:1: 2084 daAuts
     D:8: 1913 daAuts
     D:5: 1913 daAuts
    D:15: 1909 daAuts
    D:11: 1856 daAuts
  Lair:4: 1771 daAuts
    D:14: 1581 daAuts
  Lair:2: 1392 daAuts
